 Dungeon Crawl Stone Soup version 0.31-a0-355-g57cb03d3e8 (webtiles) character file.

Game seed: 15635984605387811238

103 randomguy2701 the Chopper (level 4, -2/41 HPs)
             Began as a Hill Orc Monk on July 24, 2023.
             Slain by a gnoll
             ... wielding a +0 flail
              (3 damage)
             ... on level 2 of the Dungeon.
             The game lasted 00:03:04 (2426 turns).

randomguy2701 the Chopper (Hill Orc Monk)           Turns: 2426, Time: 00:03:04

Health: -2/41      AC:  5    Str: 15    XL:     4   Next: 79%
Magic:  4/4        EV: 11    Int: 10    God:
Gold:   59         SH:  0    Dex: 13    Spells: 3/3 levels left

rFire   . . .        a - +0 hand axe
rCold   . . .        d - orb {light}
rNeg    . . .        i - +0 ring mail
rPois   .            (no helmet)
rElec   .            (no cloak)
rCorr   .            (no gloves)
SInv    .            (no boots)
Will    .....        (no amulet)
Stlth   +            (no ring)
HPRegen 0.26/turn    (no ring)
MPRegen 0.09/turn

%: no passive effects
@: glowing
A: no striking features
a: no special abilities


You were on level 2 of the Dungeon.
You visited 1 branch of the dungeon, and saw 3 of its levels.

You collected 101 gold pieces.
You spent 42 gold pieces at shops.

Inventory:

Hand Weapons
 a - a +0 hand axe (weapon)
Armour
 b - a +0 robe
 d - an orb of light (worn)
 i - a +0 ring mail (worn)
Jewellery
 f - a ring of willpower
 g - an amulet of regeneration
 l - the ring "Nuroetun" {rF++ Will+ Str+4}
   (You found it on level 2 of the Dungeon)

   [ring of willpower]

   Str:       It affects your strength (+4).
   rF:        It greatly protects you from fire.
   Will:      It increases your willpower.
 q - a +6 ring of strength
Wands
 m - a wand of flame (24)
Scrolls
 e - 2 scrolls of identify {unknown}
 j - a scroll of fog {unknown}
 n - 2 scrolls of revelation {unknown}
 o - a scroll of noise {unknown}
Potions
 c - a potion of ambrosia
 h - a potion of curing
 k - a potion of resistance {unknown}
 p - a potion of might {unknown}


   Skills:
 + Level 4.8 Fighting
 + Level 5.2 Axes
 + Level 3.2 Dodging


You had 3 spell levels left.
You didn't know any spells.
Your spell library contained the following spells:

 Spells                   Type           Power      Damage    Failure   Level
 Call Canine Familiar     Summ           0%         N/A       92%         3
 Portal Projectile        Hex/Tloc       0%         N/A       92%         3
 Leda's Liquefaction      Hex/Erth       0%         N/A       100%        4


Dungeon Overview and Level Annotations

Branches:
Dungeon (3/15)

Altars:

Shops:
D:1 !


Message History

The gnoll attacks as you move away! The gnoll closely misses you.
The gnoll attacks as you move away! The gnoll hits you with a +0 flail.
* * * LOW HITPOINT WARNING * * *
The gnoll attacks as you move away! The gnoll closely misses you.
A bat comes into view.
There is a stone staircase leading up here.
The gnoll hits you from afar with a +0 spear.
* * * LOW HITPOINT WARNING * * *
The gnoll closely misses you.
You climb upwards.
There is a stone staircase leading down here.
You hit the gnoll.
The gnoll is moderately wounded.
The gnoll hits you with a +0 flail.
* * * LOW HITPOINT WARNING * * *
You hit the gnoll but do no damage.
The gnoll is moderately wounded.
The gnoll closely misses you.
You hit the gnoll.
The gnoll is heavily wounded.
The gnoll barely misses you.
You hit the gnoll but do no damage.
The gnoll is heavily wounded.
The gnoll hits you with a +0 flail.
* * * LOW HITPOINT WARNING * * *
You hit the gnoll but do no damage.
The gnoll is heavily wounded.
The gnoll barely misses you.
You hit the gnoll.
The gnoll is heavily wounded.
The gnoll hits you but does no damage.
You hit the gnoll.
The gnoll is severely wounded.
The gnoll hits you with a +0 flail.
* * * LOW HITPOINT WARNING * * *
The gnoll closely misses you.
You barely miss the gnoll.
The gnoll is severely wounded.
The gnoll hits you with a +0 flail.
You die...

########### ##.........##
#...........#########
##...................#
.....................#
.....................######
................@.........#
###..............g...####.#
.....................# #.#
......######.........# #.#
......# #.........# #.#
......##########.##### #.#
..................# #.#
..................# #.#
..................# #.#


You could see a gnoll.

Vanquished Creatures
  4 gnolls
  2 adders
  A dart slug (D:1)
  4 bats
  5 endoplasms
  3 giant cockroaches (D:1)
  6 goblins
  4 hobgoblins
  2 quokkas (D:2)
  2 ball pythons (D:2)
  2 frilled lizards
  5 kobolds
  2 rats
42 creatures vanquished.

Notes
Turn   | Place    | Note
-------+----------+-------------------------------------------
     0 | D:1      | randomguy2701 the Hill Orc Monk began the quest for the
                  | Orb.
     0 | D:1      | Reached XP level 1. HP: 19/19 MP: 1/1
   212 | D:1      | Reached XP level 2. HP: 13/27 MP: 2/2
   555 | D:1      | Found Fijag's Distillery.
   563 | D:1      | Bought a potion of curing for 42 gold pieces
   715 | D:1      | Reached XP level 3. HP: 30/33 MP: 3/3
   748 | D:1      | Found a faded altar of an unknown god.
  1349 | D:1      | Reached XP level 4. HP: 6/41 MP: 4/4
  1672 | D:2      | Reached skill level 5 in Axes
  1830 | D:2      | Identified the ring "Nuroetun" {rF++ Will+ Str+4}
  2425 | D:2      | HP: 1/41 [gnoll/+0 flail (6)]
  2426 | D:2      | Slain by a gnoll

Illustrated notes

Levels and vault maps discovered:
D:1:      sevenhm_arrival_forest_fort_large_4, layout_loops_cross,
          basic_ecumenical_altar, serial_shops, shop, st_stairs_11
D:2:      layout_basic
D:3:      layout_basic

Skill      XL: |  1  2  3  4 |
---------------+-------------+-----
Fighting       | 4 |  4.8
Dodging        | 3 |  3.2
Axes           | 5 |  5.2

Action                     |  1- 3 |  4- 6 || total
---------------------------+-------+-------++-------
  Melee: Hand axe          |    91 |    63 ||   154
 Armour: Robe              |    19 |       ||    19
         Ring mail         |     9 |    16 ||    25
  Dodge: Dodged            |    77 |    39 ||   116

Table legend: (Time is in decaauts)
 A = Elapsed time spent in this place.
 B = Non-inter-level travel time spent in this place.
 C = Inter-level travel time spent in this place.
 D = Time resting spent in this place.
 E = Time spent auto-exploring this place.
 F = Levels seen in this place.
 G = Mean time per level.
                   A        B        C        D        E       F      G
               +--------+--------+--------+--------+--------+-----+--------+
         Total |   2443 |   2293 |    150 |    141 |   1773 |   3 |  814.3 |
       Dungeon |   2443 |   2293 |    150 |    141 |   1773 |   3 |  814.3 |
               +--------+--------+--------+--------+--------+-----+--------+

Top non-repeatable levels by time:
     D:1: 1545 daAuts
     D:2: 831 daAuts
     D:3: 66 daAuts
